 Dungeon Crawl Stone Soup version 0.29.0-4-gdea44cf6ec (webtiles) character file.

Game seed: 15201479334764838759

374 qw the Chopper (level 6, -2/35 HPs)
             Began as a Tengu Warper on Aug 28, 2022.
             Slain by a crimson imp (3 damage)
             ... summoned by Eustachio
             ... on level 4 of the Dungeon.
             The game lasted 00:00:22 (4037 turns).

qw the Chopper (Tengu Warper)                       Turns: 4037, Time: 00:00:23

Health: -2/35      AC:  8    Str: 13    XL:     6   Next: 72%
Magic:  10/10      EV: 12    Int: 13    God:
Gold:   174        SH:  0    Dex: 20    Spells: 9/9 levels left

rFire   . . .      SeeInvis .   Y - +1 war axe
rCold   . . .      Faith    .   (no shield)
rNeg    . . .      Spirit   .   l - +0 scale mail
rPois   .          Reflect  .   (helmet restricted)
rElec   .          Harm     .   g - +0 cloak
rCorr   .          Rampage  .   b - +0 pair of gloves
Will    .....                   (boots unavailable)
Stlth   ..........              (no amulet)
HPRegen 0.11/turn               f - +6 ring of dexterity
MPRegen 0.12/turn               (no ring)

@: flying quickly and evasively, quick
A: beak, talons 3, nimble flight
a: no special abilities


You were on level 4 of the Dungeon.
You visited 1 branch of the dungeon, and saw 4 of its levels.

You collected 174 gold pieces.


Innate Abilities, Weirdness & Mutations

You have a beak for a mouth.
You have claws for feet.
Your magical nature lets you fly swiftly and evasively.


   Skills:
 + Level 2.0 Fighting
 - Level 7.3 Axes
 - Level 1.0 Throwing
 - Level 1.1 Armour
 - Level 3.0 Dodging
 - Level 2.0 Spellcasting
 - Level 2.4 Translocations


You had 9 spell levels left.
You didn't know any spells.
Your spell library contained the following spells:

 Spells                   Type           Power      Damage    Failure   Level
 Blink                    Tloc           14%        N/A       56%         2
 Gell's Gravitas          Tloc           7%         N/A       80%         3
 Lesser Beckoning         Tloc           7%         N/A       80%         3
 Teleport Other           Tloc           7%         N/A       80%         3
 Manifold Assault         Tloc           7%         N/A       100%        5

Inventory:

Hand Weapons
 c - a +0 flail
 Y - a +1 war axe (weapon)
Armour
 b - a +0 pair of gloves (worn)
 g - a +0 cloak (worn)
 l - a +0 scale mail (worn)
Jewellery
 f - a +6 ring of dexterity (left hand)
Scrolls
 d - a scroll of amnesia {unknown}
 j - a scroll of identify
Potions
 a - a potion of ambrosia {unknown}
 e - a potion of curing
 h - a potion of haste
 i - a potion of heal wounds {unknown}
 k - a potion of brilliance {unknown}
 m - a potion of flight {unknown}
 q - a potion of magic {unknown}

Dungeon Overview and Level Annotations

Branches:
Dungeon (4/15)
 Temple: D:4-7

Altars:

Annotations:
D:4 Eustachio


Message History

The crimson imp is severely wounded.
You slash the river rat! You hit the white imp. You hit the quokka.
You kill the quokka!
The quokka's corpse disappears in a puff of smoke!
You closely miss the rat. You completely miss Eustachio.
The crimson imp closely misses you. The white imp closely misses you.
The river rat bites you but does no damage.
The rat barely misses you. Eustachio hits you but does no damage.
You barely miss the river rat.
The river rat is severely wounded.
You hit the rat. You hit Eustachio but do no damage.
You closely miss the crimson imp. You hit the white imp but do no damage.
The crimson imp hits you. The white imp gestures at you.
The puff of frost hits you!
The shadow imp summons a swarm of flies.
The river rat bites you but does no damage.
The rat barely misses you.
Eustachio casts a spell.
Eustachio blinks!
You closely miss the river rat. Your kick misses the river rat.
The river rat is severely wounded.
You hit the white imp. You hit the rat.
You kill the rat!
The rat's corpse disappears in a puff of smoke!
You hit the crimson imp but do no damage.
The crimson imp hits you.
The white imp hits you but does no damage.
The river rat bites you.
You completely miss the river rat. Your kick misses the river rat.
You peck the river rat.
The river rat is almost dead.
You closely miss the crimson imp. You hit the white imp.
You kill the white imp!
The white imp disappears in a puff of smoke!
The crimson imp barely misses you.
The river rat bites you but does no damage.
Eustachio casts a spell.
Eustachio blinks!
The shadow imp hits you. The crimson imp hits you.
You die...

...## .# .....#
.# ...... .#
......# .##
....... ..##
.......#...##
......55¤¤..#
##@.# ....
#r.¤#.....
##..##.....
###...##.....
####..¤.##.....
........##..#
............#
............##
............#


You could see a crimson imp (summoned), a river rat (summoned) and a shadow imp
(summoned).

Vanquished Creatures
  A phantom (D:4)
  An orc priest (D:3)
  Natasha (thrice) (D:3)
  7 adders
  4 gnolls
  A worm (D:3)
  5 orcs
  10 bats
  3 endoplasms
  5 giant cockroaches
  3 goblins (D:1)
  11 hobgoblins
  5 jackals
  3 quokkas
  9 ball pythons
  8 frilled lizards
  6 kobolds
  7 rats
92 creatures vanquished.

Notes
Turn   | Place    | Note
-------+----------+-------------------------------------------
     0 | D:1      | qw the Tengu Warper began the quest for the Orb.
     0 | D:1      | Reached XP level 1. HP: 12/12 MP: 4/4
     0 | D:1      | 0 ||| qw: Version: 0.1-a-89-g26bdef1
     0 | D:1      | 0 ||| qw: Game counter: 536
     0 | D:1      | 0 ||| qw: Always use a shield: true
     0 | D:1      | 0 ||| qw: God list: Okawaru
     0 | D:1      | 0 ||| qw: Allow faded altars: false
     0 | D:1      | 0 ||| qw: Do Orc after D:15 true
     0 | D:1      | 0 ||| qw: Do second Lair branch before Depths: true
     0 | D:1      | 0 ||| qw: Lair rune preference: random
     0 | D:1      | 0 ||| qw: Plans: Normal
     0 | D:1      | 0 ||| PLANNING D:1-11
   161 | D:1      | Reached XP level 2. HP: 17/17 MP: 6/6
   163 | D:1      | Reached skill level 3 in Axes
   496 | D:1      | Found a faded altar of an unknown god.
   531 | D:1      | Reached XP level 3. HP: 13/21 MP: 7/7
   893 | D:1      | 893 ||| UPGRADING to +0 cloak.
   898 | D:1      | 898 ||| UPGRADING to +6 ring of dexterity.
   899 | D:1      | 899 ||| READING scroll labelled KUILAI KOYRE.
   900 | D:1      | 900 ||| READING 2 scrolls labelled YPSUFI ETULL.
   901 | D:1      | 901 ||| DROPPING scroll of blinking.
   939 | D:2      | 939 ||| STAIRDANCE
   946 | D:2      | 946 ||| STAIRDANCE
   954 | D:2      | Reached skill level 4 in Axes
   954 | D:2      | 954 ||| STAIRDANCE
  1329 | D:2      | 1329 ||| Stepping ~*~*~tactically~*~*~ (stealth).
  1333 | D:2      | 1333 ||| Stepping ~*~*~tactically~*~*~ (stealth).
  1335 | D:2      | 1335 ||| Stepping ~*~*~tactically~*~*~ (stealth).
  1609 | D:2      | Reached XP level 4. HP: 25/26 MP: 8/8
  1654 | D:2      | Reached skill level 5 in Axes
  1795 | D:2      | 1795 ||| Stepping ~*~*~tactically~*~*~ (stealth).
  2218 | D:2      | Gained mutation: Your magical nature lets you fly swiftly
                  | and evasively. [Tengu growth]
  2218 | D:2      | Reached XP level 5. HP: 30/30 MP: 9/9
  2282 | D:2      | 2282 ||| READING scroll labelled TEMIUHEMA.
  2283 | D:2      | 2283 ||| READING scroll labelled NEFE KENAREUTZ.
  2284 | D:2      | 2284 ||| READING scroll labelled EDEFFE RIAPHU.
  2376 | D:3      | Noticed Natasha
  2383 | D:3      | Killed Natasha
  2398 | D:3      | 2398 ||| Stepping ~*~*~tactically~*~*~ (stealth).
  2415 | D:3      | Reached skill level 3 in Dodging
  2519 | D:3      | 2519 ||| Stepping ~*~*~tactically~*~*~ (stealth).
  2549 | D:3      | 2549 ||| DROPPING +0 club.
  2633 | D:3      | Reached skill level 6 in Axes
  2651 | D:3      | Noticed Natasha
  2652 | D:3      | 2652 ||| Stepping ~*~*~tactically~*~*~ (hiding).
  2653 | D:3      | 2653 ||| Stepping ~*~*~tactically~*~*~ (hiding).
  2657 | D:3      | Killed Natasha
  2816 | D:3      | 2816 ||| SWAPPING to +0 war axe.
  2817 | D:3      | 2817 ||| DROPPING +0 hand axe.
  2945 | D:3      | Reached XP level 6. HP: 35/35 MP: 10/10
  2961 | D:3      | Noticed Natasha
  2962 | D:3      | 2962 ||| Stepping ~*~*~tactically~*~*~ (stealth).
  2966 | D:3      | Killed Natasha
  2984 | D:3      | 2984 ||| Stepping ~*~*~tactically~*~*~ (stealth).
  3009 | D:3      | 3009 ||| Stepping ~*~*~tactically~*~*~ (stealth).
  3010 | D:3      | 3010 ||| Stepping ~*~*~tactically~*~*~ (stealth).
  3014 | D:3      | 3014 ||| Stepping ~*~*~tactically~*~*~ (stealth).
  3015 | D:3      | 3015 ||| Stepping ~*~*~tactically~*~*~ (stealth).
  3410 | D:3      | 3410 ||| UPGRADING to +0 scale mail.
  3420 | D:3      | 3420 ||| DROPPING +0 leather armour.
  3421 | D:3      | 3421 ||| READING scroll labelled JUIXZO ENYIR.
  3559 | D:3      | 3559 ||| READING scroll labelled UFAUXIN EDENT.
  3560 | D:3      | 3560 ||| READING scroll labelled QOUCUI BYAF.
  3561 | D:3      | 3561 ||| DRINKING 2 smoky grey potions.
  3732 | D:4      | 3732 ||| STAIRDANCE
  3857 | D:3      | 3857 ||| DROPPING +0 mace.
  3858 | D:3      | 3858 ||| UPGRADING to +0 pair of gloves.
  3863 | D:3      | 3863 ||| DRINKING 2 coppery potions.
  3913 | D:4      | Reached skill level 7 in Axes
  4023 | D:4      | Noticed Eustachio
  4026 | D:4      | 4026 ||| Stepping ~*~*~tactically~*~*~ (hiding).
  4035 | D:4      | HP: 8/35 [white imp/puff of frost[Eustachio] (8)]
  4036 | D:4      | HP: 2/35 [river rat[Eustachio] (4)]
  4037 | D:4      | Slain by a crimson imp

Levels and vault maps discovered:
D:1:      beargit_arrival_greenhouse, layout_loops_ring,
          shapermc_ecumenical_altar_hornbeckon, minmay_misc_feat_roman,
          minmay_close_crescents
D:2:      minmay_razor_zed, layout_loops_ring, kennysheep_nub,
          serial_bayou_pond_a, minmay_bisected
D:3:      layout_loops_corners, uniq_natasha
D:4:      layout_cave_pods, nicolae_sif_muna_condensation, uniq_ijyb,
          uniq_eustachio

Skill      XL: |  1  2  3  4  5  6 |
---------------+-------------------+-----
Axes           | 3 4 5 6 7 |  7.3
Dodging        | 3 |  3.0
Fighting       | |  2.0
Throwing       | |  1.0
Armour         | |  1.1
Spellcasting   | |  2.0
Translocations | |  2.4

Action                   |  1- 3 |  4- 6 || total
-------------------------+-------+-------++-------
Melee: Hand axe          |    83 |    79 ||   162
       Kick              |    23 |    34 ||    57
       Peck              |    10 |    16 ||    26
       Punch             |     1 |     1 ||     2
       War axe           |       |    34 ||    34
Throw: Boomerang         |     7 |    22 ||    29
  Use: Scroll            |     2 |     6 ||     8
       Potion            |       |     2 ||     2
Armor: Leather armour    |    18 |    25 ||    43
       Scale mail        |       |    11 ||    11
Dodge: Dodged            |    45 |    73 ||   118

Table legend:
 A = Non-vault XP
 B = Vault XP
 C = Vault XP percentage of total XP
 D = Non-vault monster count
 E = Vault monster count
 F = Vault count percentage of total count
                 A         B        C        D         E       F
            +---------+---------+-------+---------+---------+-------
      Total |     409 |     126 |  23.6 |      68 |      24 |  26.1
            +---------+---------+-------+---------+---------+-------
        D:1 |      37 |       6 |  14.0 |      21 |       4 |  16.0
        D:2 |      46 |      85 |  64.9 |      21 |      19 |  47.5
        D:3 |     188 |      35 |  15.7 |      21 |       1 |   4.5
        D:4 |     138 |       0 |   0.0 |       5 |       0 |   0.0
            +---------+---------+-------+---------+---------+-------
